 Dungeon Crawl Stone Soup version 0.30-a0-1163-gf69bf04e7a (webtiles) character file.

Game seed: 368722613027181428

2847 meatpath the Grappler (level 9, -15/92 HPs)
             Began as a Troll Monk on Apr 28, 2023.
             Was a Priest of Wu Jian.
             Demolished by a death yak (23 damage)
             ... on level 7 of the Dungeon.
             The game lasted 00:15:35 (5940 turns).

meatpath the Grappler (Troll Monk)                  Turns: 5940, Time: 00:15:35

Health: -15/92     AC:  6    Str: 31    XL:     9   Next: 46%
Magic:  8/8        EV: 12    Int:  6    God:    Wu Jian [***...]
Gold:   481        SH:  0    Dex: 12    Spells: 8/8 levels left

rFire   . .          .
                       - Unarmed
rCold   . . .        c - orb {light}
rNeg    . . .        a - +0 robe
rPois   .            (helmet restricted)
rElec   .            H - +1 cloak
rCorr   .            (gloves unavailable)
SInv    .            (boots unavailable)
Will    .....        (no amulet)
Stlth   +            D - +6 ring of strength
HPRegen 1.15/turn    (no ring)
MPRegen 0.11/turn

%: no passive effects
@: hasted, glowing, very quick
A: large, unfitting armour, claws 3, regeneration 1, shaggy fur 1, tough skin 1
a: Renounce Religion, Wall Jump, Serpent's Lash


You were on level 7 of the Dungeon.
You worshipped Wu Jian.
Wu Jian was most pleased with you.
You visited 2 branches of the dungeon, and saw 9 of its levels.
You also visited: Sewer.

You collected 481 gold pieces.

Inventory:

Missiles
 h - a throwing net (quivered)
Armour
 a - a +0 robe (worn)
 c - an orb of light (worn)
 H - a +1 cloak (worn)
Jewellery
 D - a +6 ring of strength (left claw)
 G - a ring of wizardry
Wands
 z - a wand of iceblast (14)
 E - a wand of paralysis (13)
Scrolls
 e - 2 scrolls of enchant weapon
 f - a scroll of torment
 k - a scroll of summoning {unknown}
 l - a scroll of poison {unknown}
 m - 2 scrolls of amnesia
 n - 3 scrolls of teleportation
 p - a scroll of fear {unknown}
 t - a scroll of acquirement {unknown}
 v - a scroll of fog
 y - a scroll of enchant armour {unknown}
 A - a scroll of magic mapping {unknown}
 B - a scroll of immolation {unknown}
 F - a scroll of silence {unknown}
Potions
 b - a potion of ambrosia
 d - a potion of haste
 g - a potion of mutation {unknown}
 i - 2 potions of berserk rage {unknown}
 j - 3 potions of lignification {unknown}
 o - a potion of resistance {unknown}
 q - 3 potions of curing {unknown}
 r - 5 potions of flight {unknown}
 s - 2 potions of attraction {unknown}
 u - a potion of experience {unknown}
 w - 2 potions of might {unknown}
 x - a potion of invisibility {unknown}
 C - a potion of magic {unknown}


   Skills:
 + Level 6.8 Fighting
 + Level 6.8 Dodging
 + Level 8.2 Unarmed Combat


You had 8 spell levels left.
You didn't know any spells.
Your spell library contained the following spells:

 Spells                   Type           Power      Damage    Failure   Level
 Apportation              Tloc           0%         N/A       45%         1
 Beastly Appendage        Tmut           0%         N/A       45%         1
 Necrotise                Necr           0%         1d4       45%         1
 Summon Small Mammal      Summ           0%         N/A       45%         1
 Cigotuvi's Dreadful Rot  Necr/Pois/Air  0%         N/A       58%         2
 Wereblood                Tmut           0%         N/A       58%         2
 Dazzling Flash           Conj/Hex       0%         N/A       83%         3
 Ignite Poison            Fire/Tmut/Pois 0%         N/A       83%         3
 Spider Form              Tmut/Pois      0%         N/A       83%         3
 Volatile Blastmotes      Fire/Tloc      0%         2d10      83%         3
 Iskenderun's Mystic Bla  Conj/Tloc      0%         2d3       99%         4
 Freezing Cloud           Conj/Ice/Air   0%         6-21      100%        5
 Starburst                Conj/Fire      0%         6d3       100%        6


Dungeon Overview and Level Annotations

Branches:
Dungeon (8/15)             Temple (1/1) D:4            Lair (0/5) D:8
  Sewer (visited)

Altars:
Ashenzari
Dithmenos
Fedhas
Gozag
Hepliaklqana
Kikubaaqudgha
Okawaru
Qazlal
Ru
Trog
Vehumet
Wu Jian
Zin


Innate Abilities, Weirdness & Mutations

You are too large for most types of armour.
You have claws for hands.
Your natural rate of healing is unusually fast.
You are covered in fur. (AC +1)
You have tough skin. (AC +1)


Message History

You see here a water moccasin corpse.
Done exploring.
Done exploring.
You see here a +0 ring mail.
There is a stone staircase leading down here.
Okay, then.
You climb downwards.
The death yak bellows!
Found 6 stones.
Found a staircase to the Lair.
There is a stone staircase leading up here.
A quokka comes into view.
A death yak comes into view.
The death yak bellows!
The death yak gores you!!
You climb upwards.
There is a stone staircase leading down here.
You mangle the death yak!!
The death yak is moderately wounded.
You scratch the death yak.
The death yak is moderately wounded.
The death yak gores you!!
You claw the death yak!
The death yak is heavily wounded.
The death yak gores you!!
* * * LOW HITPOINT WARNING * * *
You are too injured to fight recklessly!
You feel yourself speed up. The death yak gores you.
* * * LOW HITPOINT WARNING * * *
You claw the death yak!
The death yak is heavily wounded.
The death yak gores you!!
* * * LOW HITPOINT WARNING * * *
You scratch the death yak.
The death yak is heavily wounded.
You claw the death yak!
The death yak is severely wounded.
The death yak gores you but does no damage.
You spin and attack the death yak.
You claw the death yak!
The death yak is almost dead.
The death yak gores you!!
You die...

#.....[..........#
#.##############.#####
#.# #####...... #.#
#.......###
#.##########.#####.#
##>..†........# #.#
##.#.########### #.#
#####.###.#### #.#
#....## ##.@># #.#
#.###.###.##Y# #.# #.#
#..#.###.# #.# ### #.#
#.#.## #.###########.#
#.## #.# #[#.#
#.............###
...###.# #.#.#
###########......
....##.# #.#.#
#.......###
...###.###.#.#
#.###.#.# #
#..........#.# #.#
#.#.# #


You could see a death yak.

Vanquished Creatures
  2 water moccasins
  An orc warrior (D:7)
  An ice beast (D:6)
  A sky beast (D:7)
  2 black bears
  4 ogres
  A phantom (D:7)
  3 scorpions
  3 wights (D:6)
  9 killer bees
  5 hounds
  4 jellies
  An orc priest (D:6)
  5 iguanas
  Terence (D:2)
  Natasha (twice) (D:4)
  7 orc wizards
  Robin (D:3)
  11 adders
  3 gnolls (D:4)
  3 river rats (Sewer)
  4 white imps
  2 ufetubi
  A worm (D:3)
  2 dart slugs
  24 orcs
  13 endoplasms
  15 giant cockroaches
  17 goblins
  18 hobgoblins
  5 kobolds
  6 quokkas
  11 ball pythons
  13 bats
  3 frilled lizards
  11 rats
215 creatures vanquished.

Vanquished Creatures (others)
  3 plants (D:1)
3 creatures vanquished.

Grand Total: 218 creatures vanquished

Notes
Turn   | Place    | Note
-------+----------+-------------------------------------------
     0 | D:1      | meatpath the Troll Monk began the quest for the Orb.
     0 | D:1      | Reached XP level 1. HP: 22/22 MP: 0/0
   128 | D:1      | Reached XP level 2. HP: 29/29 MP: 1/1
   429 | D:1      | Found a faded altar of an unknown god.
   737 | D:1      | Reached XP level 3. HP: 36/36 MP: 2/2
  1091 | D:2      | Noticed Terence
  1098 | D:2      | Killed Terence
  1115 | D:2      | Reached XP level 4. HP: 44/45 MP: 3/3
  1255 | D:2      | Found a glowing silver altar of Zin.
  1510 | D:3      | Reached skill level 4 in Unarmed Combat
  1560 | D:3      | Reached XP level 5. HP: 53/53 MP: 4/4
  1567 | D:3      | Noticed Robin
  1628 | D:3      | Killed Robin
  1801 | D:3      | Found an opulent altar of Gozag.
  1801 | D:3      | Found a radiant altar of Vehumet.
  1802 | D:3      | Found a hazy altar of Hepliaklqana.
  1816 | D:3      | Found a glowing silver altar of Zin.
  2205 | D:4      | Reached XP level 6. HP: 59/62 MP: 5/5
  2226 | D:4      | Found a glowing drain.
  2240 | Sewer    | Entered a sewer
  2365 | Sewer    | Found a shimmering altar of Xom.
  2456 | Sewer    | Reached skill level 5 in Unarmed Combat
  2538 | D:4      | Reached XP level 7. HP: 70/70 MP: 6/6
  2565 | D:4      | Found a staircase to the Ecumenical Temple.
  2578 | Temple   | Entered the Ecumenical Temple
  2585 | Temple   | Became a worshipper of the Wu Jian Council
  2585 | Temple   | Reached * piety under Wu Jian
  2585 | Temple   | Reached ** piety under Wu Jian
  2784 | D:4      | Noticed Natasha
  2793 | D:4      | Killed Natasha
  2827 | D:4      | Found a blossoming altar of Fedhas.
  2989 | D:4      | Found a bloodstained altar of Trog.
  2990 | D:4      | Noticed Natasha
  2996 | D:4      | Killed Natasha
  3083 | D:5      | Entered Level 5 of the Dungeon
  3143 | D:5      | Reached skill level 5 in Fighting
  3143 | D:5      | Reached skill level 5 in Dodging
  3143 | D:5      | Reached skill level 6 in Unarmed Combat
  3263 | D:5      | Reached XP level 8. HP: 79/80 MP: 7/7
  3799 | D:5      | Found an ancient bone altar of Kikubaaqudgha.
  3802 | D:5      | Found a stormy altar of Qazlal.
  4274 | D:6      | Reached skill level 7 in Unarmed Combat
  4361 | D:6      | Reached *** piety under Wu Jian
  4542 | D:6      | Reached XP level 9. HP: 89/89 MP: 8/8
  5531 | D:7      | Reached skill level 8 in Unarmed Combat
  5927 | D:8      | Noticed a death yak
  5927 | D:8      | Noticed a death yak
  5927 | D:8      | Found a staircase to the Lair.
  5930 | D:8      | Noticed a death yak
  5940 | D:7      | Demolished by a death yak

Illustrated notes

Levels and vault maps discovered:
D:1:      minmay_arrival_shattered_statue, layout_loops_ring, serial_bayou,
          serial_bayou_shore_a, serial_bayou_ford_a, serial_bayou_crossing,
          serial_bayou_lake_a, nicolae_ecumenical_snake_handling
D:2:      layout_rooms, basic_altar, uniq_terence
D:3:      layout_loops_ring, nicolae_overflow_quartered_altars, uniq_robin
D:4:      layout_rooms, trog_hazing_becter, marbit_many_paths,
          minmay_temple_entry_offerings, portal_sewer_entry_f, uniq_natasha
D:5:      minmay_angry_zag, layout_loops_corners, mainiacjoe_overflow_big_doors
D:6:      layout_layer_cave
D:7:      layout_loops_ring
D:8:      layout_cave_pods, dpeg_lair_monsters, serial_shops,
          nicolae_shop_tiny_statue_garden, doesnt_shop_hydraphobe
Temple:   nicolae_temple_ecumenical_triangle

Skill      XL: |  1  2  3  4  5  6  7  8  9 |
---------------+----------------------------+-----
Fighting       | 3 4 5 6 |  6.8
Dodging        | 3 4 5 6 |  6.8
Unarmed Combat | 4 5 6 7 8 |  8.2

Action                     |  1- 3 |  4- 6 |  7- 9 || total
---------------------------+-------+-------+-------++-------
  Melee: Unarmed           |    82 |   184 |   211 ||   477
Ability: Lunge             |       |       |    26 ||    26
         Whirlwind         |       |       |     7 ||     7
    Use: Scroll            |       |       |     6 ||     6
         Potion            |       |       |     2 ||     2
 Armour: Robe              |    30 |    43 |    27 ||   100
  Dodge: Dodged            |    39 |    89 |    93 ||   221

Table legend: (Time is in decaauts)
 A = Elapsed time spent in this place.
 B = Non-inter-level travel time spent in this place.
 C = Inter-level travel time spent in this place.
 D = Time resting spent in this place.
 E = Time spent auto-exploring this place.
 F = Levels seen in this place.
 G = Mean time per level.
                   A        B        C        D        E       F      G
               +--------+--------+--------+--------+--------+-----+--------+
         Total |   5878 |   5581 |    297 |    196 |   3981 |  10 |  587.8 |
       Dungeon |   5633 |   5336 |    297 |    196 |   3892 |   8 |  704.1 |
        Temple |     14 |     14 |      0 |      0 |      0 |   1 |   14.0 |
         Sewer |    230 |    230 |      0 |      0 |     89 |   1 |  230.0 |
               +--------+--------+--------+--------+--------+-----+--------+

Top non-repeatable levels by time:
     D:6: 1172 daAuts
     D:1: 986 daAuts
     D:5: 950 daAuts
     D:3: 766 daAuts
     D:7: 690 daAuts
     D:4: 681 daAuts
     D:2: 380 daAuts
   Sewer: 230 daAuts
  Temple: 14 daAuts
     D:8: 4 daAuts
